 Dungeon Crawl Stone Soup version 0.29-a0-243-g602b31c20e (webtiles) character file.

Game seed: 1432870284334399777

16486 bande the Cleaver (level 12, -2/76 HPs)
             Began as a Gargoyle Fighter on Mar 5, 2022.
             Was a High Priest of Okawaru.
             Slain by an elephant (8 damage)
             ... on level 3 of the Lair of Beasts.
             The game lasted 00:25:21 (16413 turns).

bande the Cleaver (Gargoyle Fighter)               Turns: 16413, Time: 00:25:22

Health: -2/76      AC: 40    Str: 20    XL:     12   Next: 38%
Magic:  16/16      EV:  6    Int: 10    God:    Okawaru [*****.]
Gold:   420        SH:  5    Dex: 13    Spells: 11/11 levels left

rFire   . . .      SeeInvis .   l - +0 broad axe (protect)
rCold   . . .      Faith    .   c - +0 buckler
rNeg    + . .      Spirit   .   s - +0 plate armour
rPois   ∞          Reflect  .   y - +2 helmet
rElec   +          Harm     .   t - +0 cloak
rCorr   .          Rampage  .   (no gloves)
Will    +....                   o - +0 pair of boots
Stlth   ..........              (no amulet)
HPRegen 0.22/turn               H - ring of willpower
MPRegen 0.15/turn               i - +4 ring of protection

@: under a protective aura
A: sickness immunity, AC +8, negative energy resistance 1, electricity
resistance, torment resistance 1, petrification resistance
a: Renounce Religion, Heroism, Finesse, Duel


You were on level 3 of the Lair of Beasts.
You worshipped Okawaru.
Okawaru was extremely pleased with you.
You visited 3 branches of the dungeon, and saw 13 of its levels.

You collected 567 gold pieces.
You spent 147 gold pieces at shops.

Inventory:

Hand Weapons
 a - a +0 war axe
 l - a +0 broad axe of protection (weapon)
 v - a +0 morningstar
Missiles
 k - 2 throwing nets (quivered)
Armour
 c - a +0 buckler (worn)
 o - a +0 pair of boots (worn)
 s - a +0 plate armour (worn)
 t - a +0 cloak (worn)
 y - a +2 helmet (worn)
Jewellery
 d - a +6 ring of strength
 e - a +6 ring of dexterity
 g - an amulet of magic regeneration
 i - a +4 ring of protection (right hand)
 q - a ring of resist corrosion
 r - a ring of see invisible
 H - a ring of willpower (left hand)
Wands
 f - a wand of flame (42)
 w - a wand of iceblast (12)
 I - a wand of digging (5)
Scrolls
 p - a scroll of magic mapping
 x - 2 scrolls of teleportation
 A - 2 scrolls of fear
 B - a scroll of fog
 C - a scroll of amnesia
 E - a scroll of enchant armour
Potions
 b - a potion of ambrosia
 h - 4 potions of flight
 j - 2 potions of brilliance
 m - 2 potions of degeneration {unknown}
 n - 4 potions of haste
 u - a potion of might
 z - 2 potions of curing {unknown}
 F - a potion of mutation {unknown}
 G - 2 potions of lignification {unknown}
Miscellaneous
 D - a condenser vane


   Skills:
 + Level 9.0 Fighting
 + Level 12.4 Axes
 + Level 9.4 Armour
 - Level 0.2 Dodging
 + Level 6.8 Shields
 * Level 6.3 Invocations
 * Level 5.2 Evocations


You had 11 spell levels left.
You didn't know any spells.
Your spell library contained the following spells:

 Spells                   Type           Power      Damage    Failure   Level
 Beastly Appendage        Tmut           0%         N/A       100%        1
 Wereblood                Tmut           0%         N/A       100%        2
 Frozen Ramparts          Ice            0%         1d2       100%        3
 Spider Form              Tmut/Pois      0%         N/A       100%        3
 Ice Form                 Ice/Tmut       0%         N/A       100%        4
 Fireball                 Conj/Fire      0%         3d3       100%        5
 Iskenderun's Battlesphe  Conj           0%         2d6       100%        5
 Conjure Ball Lightning   Conj/Air       0%         3x3d6     100%        6
 Orb of Destruction       Conj           0%         9d5       100%        7
 Summon Ice Beast         Ice/Summ       Unusable   N/A       N/A         4

Dungeon Overview and Level Annotations

Branches:
Dungeon (9/15)             Temple (1/1) D:7            Lair (3/6) D:8
  Swamp (0/4) Lair:2
  Snake: Lair:2-4    Spider: Lair:2-4       Orc: D:9-12

Altars:
Fedhas
Gozag
Okawaru
Qazlal
Trog
Uskayaw

Shops:
D:1 (   D:5 [


Innate Abilities, Weirdness & Mutations

You are immune to sickness and miasma.
Your stone body is resilient. (AC +8)
You are immune to poison.
You resist negative energy. (rN+)
You are resistant to electric shocks. (rElec)
You are resistant to unholy torment.
You are immune to petrification.


Message History

The elephant tramples you but does no damage.
The elephant trunk-slaps you but does no damage.
You hit the elephant but do no damage.
The elephant is severely wounded.
You hit the elephant.
The elephant tramples you but does no damage.
The elephant trunk-slaps you but does no damage.
The elephant tramples you but does no damage.
The elephant trunk-slaps you but does no damage.
You slash the elephant!
The elephant is almost dead.
You slash the elephant! The elephant completely misses you.
The elephant trunk-slaps you but does no damage.
The elephant tramples you but does no damage.
The elephant trunk-slaps you but does no damage.
Unknown command.
You slash the elephant!
The elephant is almost dead.
You hit the elephant but do no damage.
The elephant tramples you but does no damage.
You block the elephant's attack.
The elephant tramples you but does no damage.
The elephant trunk-slaps you but does no damage.
Unknown command.
You hit the elephant but do no damage.
The elephant is almost dead.
You hit the elephant. The elephant tramples you!
* * * LOW HITPOINT WARNING * * *
You hold your ground!
The elephant closely misses you.
The elephant tramples you but does no damage.
The elephant trunk-slaps you but does no damage.
You slash the elephant!
You kill the elephant!
Okawaru accepts your kill.
You hit the elephant but do no damage.
The elephant tramples you but does no damage.
The elephant trunk-slaps you but does no damage.
Unknown command.
The elephant tramples you!
You die...

... ...... ....
....# #... ...#
.#.. ..# ##.. #.##
.. #..# #. ##..#
#†Y## #[@## #...#
#.<...P# +. ##..#
.......##.######.##
........#..##P##.#
.................#
.................##
..................#
.................##


You could see an elephant.

Vanquished Creatures
  Harold (D:7)
  A boulder beetle (D:6)
  A two-headed ogre (D:6)
  Amaemon (Lair:2)
  8 elephants (Lair:3)
  3 black mambas
  3 cane toads
  An orange demon (Lair:2)
  A komodo dragon (Lair:2)
  A tyrant leech (Lair:2)
  3 blink frogs (Lair:1)
  Sigmund (D:2)
  6 wyverns
  7 yaks
  2 steam dragons
  Menkaure (D:4)
  A swamp worm (Lair:2)
  Edmund (D:4)
  13 water moccasins
  2 orc warriors
  An ice beast (D:6)
  4 black bears
  2 sky beasts (D:7)
  14 wolves
  A centaur (D:4)
  An ogre (D:6)
  3 phantoms
  Blork the orc (D:4)
  A kobold brigand (D:8)
  4 bullfrogs
  A necrophage (D:6)
  A gnoll sergeant (D:7)
  A scorpion (D:5)
  4 wights (D:7)
  9 killer bees
  7 hounds
  Crazy Yiuf (D:6)
  2 jellies
  3 iguanas
  Ijyb (D:4)
  An orc wizard (D:7)
  Natasha (thrice) (D:4)
  12 gnolls
  7 adders
  A white imp (D:5)
  An ufetubus (D:7)
  A worm (D:3)
  4 dart slugs
  25 orcs
  8 bats
  7 endoplasms
  4 giant cockroaches
  7 goblins
  11 hobgoblins
  5 jackals (D:1)
  4 quokkas
  4 ball pythons
  5 frilled lizards
  17 kobolds
  9 rats
256 creatures vanquished.

Vanquished Creatures (others)
  An orc (D:8)
  An endoplasm (D:4)
  8 fungi
  17 plants
27 creatures vanquished.

Grand Total: 283 creatures vanquished

Notes
Turn   | Place    | Note
-------+----------+-------------------------------------------
     0 | D:1      | bande the Gargoyle Fighter began the quest for the Orb.
     0 | D:1      | Reached XP level 1. HP: 14/14 MP: 1/1
   348 | D:1      | Reached XP level 2. HP: 20/20 MP: 2/2
   354 | D:1      | Found Fyufick's Antique Weapon Emporium.
   409 | D:1      | Reached skill level 2 in Axes
   964 | D:1      | Reached XP level 3. HP: 24/24 MP: 3/3
  1518 | D:2      | Noticed Sigmund
  1525 | D:2      | Killed Sigmund
  1526 | D:2      | Reached skill level 3 in Axes
  1526 | D:2      | Reached XP level 4. HP: 15/29 MP: 4/4
  1526 | D:2      | Reached XP level 5. HP: 17/33 MP: 5/5
  2377 | D:3      | Reached XP level 6. HP: 36/39 MP: 6/6
  2432 | D:3      | Reached skill level 4 in Axes
  2752 | D:3      | Found a faded altar of an unknown god.
  3423 | D:1      | Bought a runed broad axe for 147 gold pieces
  3586 | D:4      | Found an opulent altar of Gozag.
  3588 | D:4      | Found an opulent altar of Gozag.
  3599 | D:4      | Found an opulent altar of Gozag.
  3659 | D:4      | Found an opulent altar of Gozag.
  3666 | D:4      | Noticed Blork the orc
  3668 | D:4      | Found a hide-covered altar of Uskayaw.
  3668 | D:4      | Noticed Ijyb
  3672 | D:4      | Killed Blork the orc
  3673 | D:4      | Reached skill level 5 in Axes
  3673 | D:4      | Reached XP level 7. HP: 41/44 MP: 7/7
  3684 | D:4      | Killed Ijyb
  3844 | D:4      | Noticed a steam dragon
  3860 | D:3      | Killed a steam dragon
  3861 | D:3      | Reached skill level 5 in Fighting
  3861 | D:3      | Reached skill level 5 in Armour
  4434 | D:4      | Noticed Edmund
  4446 | D:4      | Killed Edmund
  4649 | D:4      | Found a stormy altar of Qazlal.
  4655 | D:4      | Noticed Natasha
  4659 | D:4      | Reached skill level 6 in Axes
  4659 | D:4      | Reached XP level 8. HP: 46/49 MP: 8/8
  4662 | D:4      | Killed Natasha
  4667 | D:4      | Noticed Natasha
  4673 | D:4      | You fall into a shaft and drop 2 floors!
  4760 | D:5      | Entered Level 5 of the Dungeon
  4842 | D:4      | Killed Natasha
  5112 | D:4      | Found a blossoming altar of Fedhas.
  5145 | D:4      | Noticed Menkaure
  5160 | D:4      | Killed Menkaure
  5218 | D:4      | Noticed Natasha
  5222 | D:4      | Killed Natasha
  6073 | D:5      | Reached skill level 7 in Axes
  6247 | D:5      | Found Arewnohu's Antique Armour Boutique.
  6502 | D:6      | Noticed a two-headed ogre
  6514 | D:6      | Killed a two-headed ogre
  6515 | D:6      | Reached skill level 8 in Axes
  6515 | D:6      | Reached XP level 9. HP: 22/55 MP: 9/9
  6957 | D:6      | Reached skill level 5 in Shields
  7105 | D:6      | Noticed a boulder beetle
  7143 | D:6      | Killed a boulder beetle
  7144 | D:6      | Reached skill level 9 in Axes
  7758 | D:6      | Found a runed translucent door.
  7759 | D:6      | Noticed Crazy Yiuf
  7807 | D:6      | Found a bloodstained altar of Trog.
  7807 | D:6      | Found an iron altar of Okawaru.
  7824 | D:6      | Became a worshipper of Warmaster Okawaru
  7872 | D:6      | Killed Crazy Yiuf
  7955 | D:7      | Reached XP level 10. HP: 60/61 MP: 10/10
  7999 | D:7      | Reached skill level 1 in Invocations
  8098 | D:6      | Reached skill level 1 in Evocations
  8367 | D:7      | Reached skill level 10 in Axes
  8486 | D:7      | Found a staircase to the Ecumenical Temple.
  8489 | D:7      | Noticed Harold
  8510 | D:7      | Killed Harold
  8510 | D:7      | Reached * piety under Okawaru
  8524 | Temple   | Entered the Ecumenical Temple
  9466 | D:7      | Reached ** piety under Okawaru
  9621 | D:8      | Found a staircase to the Lair.
  9871 | D:7      | Reached XP level 11. HP: 45/68 MP: 13/13
 10619 | D:8      | Reached skill level 11 in Axes
 11294 | Lair:1   | Entered Level 1 of the Lair of Beasts
 11305 | Lair:1   | Reached *** piety under Okawaru
 12948 | Lair:2   | Noticed Amaemon
 12982 | Lair:2   | Reached skill level 5 in Invocations
 13079 | Lair:2   | Killed Amaemon
 13079 | Lair:2   | Reached **** piety under Okawaru
 13998 | Lair:2   | Found a staircase to the Swamp.
 15268 | Lair:3   | Reached ***** piety under Okawaru
 15776 | Lair:3   | Reached XP level 12. HP: 75/75 MP: 16/16
 15958 | Lair:3   | Reached skill level 12 in Axes
 16202 | Lair:3   | Reached skill level 5 in Evocations
 16402 | Lair:3   | Identified the +3 helmet of Teckuv {rPois rCorr MP+9
                  | Slay+3} (Okawaru gifted it to you on level 3 of the Lair of
                  | Beasts)
 16402 | Lair:3   | Received a gift from Okawaru
 16413 | Lair:3   | Slain by an elephant

Illustrated notes

Levels and vault maps discovered:
D:1:      minmay_arrival_diagonal_passages, layout_basic, serial_shops,
          nicolae_shop_crystal, chequers_hall_statues_corner_a,
          minmay_tromino_v2
D:2:      layout_loops_ring, uniq_sigmund
D:3:      minmay_skewed_foursquare, layout_basic,
          shapermc_ecumenical_altar_starsandcircs
D:4:      layout_basic, nicolae_gozag_conspicuous_consumption,
          mainiacjoe_overflow_boulevard, lemuel_crystal_altar,
          mainiacjoe_overflow_small_starburst, uniq_menkaure,
          uniq_blork_the_orc, uniq_natasha, uniq_edmund, uniq_ijyb
D:5:      layout_basic, serial_shops, nicolae_shop_hallway_plus
D:6:      layout_rooms, grunt_temple_overflow_bloody_war, minmay_pentangle,
          uniq_crazy_yiuf_cottage
D:7:      layout_rooms, minmay_temple_entry_junction, uniq_harold
D:8:      layout_basic, minmay_lair_entry_grove, serial_bayou_crossing
D:9:      layout_basic, lightli_temple_of_fire, david_orc_3,
          minmay_guarded_unrand_staff_of_olgreb, uniq_maurice, uniq_erica
Temple:   nicolae_temple_figure_eight
Lair:1:   layout_gridlike, grunt_megastairs_4
Lair:2:   layout_cave_pods, minmay_swamp_entry_worms, ldierk_geyser,
          infiniplex_staircase_pool_2, uniq_amaemon
Lair:3:   layout_regular_city

Skill      XL: |  1  2  3  4  5  6  7  8  9 10 11 12 |
---------------+-------------------------------------+-----
Axes           | 2 3 5 6 8 9 10 11 12 | 12.4
Fighting       | 4 5 6 7 8 9 |  9.0
Armour         | 4 5 6 7 8 9 |  9.4
Shields        | 4 5 6 |  6.8
Invocations    | 3 5 6 |  6.3
Evocations     | 3 4 5 |  5.2
Dodging        | |  0.2

Action                   |  1- 3 |  4- 6 |  7- 9 | 10-12 || total
-------------------------+-------+-------+-------+-------++-------
Melee: War axe           |    76 |   124 |       |       ||   200
       Broad axe         |       |    29 |   169 |   555 ||   753
  Use: Potion            |     1 |       |     2 |     1 ||     4
       Scroll            |       |     3 |     7 |     6 ||    16
Armor: Scale mail        |    39 |    89 |    30 |       ||   158
       Plate armour      |       |       |    76 |   675 ||   751
Dodge: Dodged            |    42 |    63 |    63 |   231 ||   399
Block: Buckler           |    21 |    42 |    49 |   244 ||   356

Table legend: (Time is in decaauts)
 A = Elapsed time spent in this place.
 B = Non-inter-level travel time spent in this place.
 C = Inter-level travel time spent in this place.
 D = Time resting spent in this place.
 E = Time spent auto-exploring this place.
 F = Levels seen in this place.
 G = Mean time per level.
                   A        B        C        D        E       F      G
               +--------+--------+--------+--------+--------+-----+--------+
         Total |  16632 |  16333 |    299 |   6188 |   6920 |  13 | 1279.4 |
       Dungeon |  11808 |  11509 |    299 |   4279 |   4717 |   9 | 1312.0 |
        Temple |    230 |    230 |      0 |    229 |      0 |   1 |  230.0 |
          Lair |   4593 |   4593 |      0 |   1680 |   2202 |   3 | 1531.0 |
               +--------+--------+--------+--------+--------+-----+--------+

Top non-repeatable levels by time:
  Lair:2: 2417 daAuts
     D:8: 1996 daAuts
     D:3: 1845 daAuts
     D:6: 1764 daAuts
     D:4: 1711 daAuts
     D:1: 1551 daAuts
     D:7: 1549 daAuts
  Lair:3: 1236 daAuts
     D:2: 941 daAuts
  Lair:1: 939 daAuts
     D:5: 437 daAuts
  Temple: 230 daAuts
     D:9: 10 daAuts
